 Dungeon Crawl Stone Soup version 0.27-a0-1193-g8631133539 (webtiles) character file.

Game seed: 2873140875594378645

227 gruber the Magician (level 6, -2/40 HPs)
             Began as a Djinni Fire Elementalist on May 26, 2021.
             Slain by a centaur (6 damage)
             ... on level 5 of the Dungeon.
             The game lasted 00:04:04 (6059 turns).

gruber the Magician (Djinni Fire Elementalist)      Turns: 6059, Time: 00:04:04

Health: -2/40      AC:  7    Str:  7    XL:     6   Next: 22%
Gold:   248        EV: 12    Int: 19    God:
                   SH:  0    Dex: 13

rFire    + + .     SeeInvis .   (no weapon)
rCold    x . .     Faith    .   (no shield)
rNeg     . . .     Spirit   .   a - +0 robe
rPois    ∞         Reflect  .   (no helmet)
rElec    .         Harm     .   o - +0 cloak
rCorr    .         Rampage  .   (no gloves)
Will     .....                  (boots unavailable)
Stlth    ++........             (no amulet)
HPRegen  0.13/turn              p - +4 ring of protection
MPRegen  0.00/turn              (no ring)

@: flying
A: sickness immunity, fire resistance 2, cold vulnerability 1, float, innate
caster, hp casting, extra vitality 1
a: no special abilities


You were on level 5 of the Dungeon.
You visited 1 branch of the dungeon, and saw 5 of its levels.

You collected 248 gold pieces.

Inventory:

Armour
 a - a +0 robe (worn)
 o - a +0 cloak (worn)
 q - a +0 buckler
Jewellery
 p - a +4 ring of protection (left hand)
Wands
 n - a wand of charming (10)
Scrolls
 b - a scroll of amnesia {unknown}
 c - 2 scrolls of enchant armour {unknown}
 d - 2 scrolls of teleportation {unknown}
 e - a scroll of magic mapping {unknown}
 h - 5 scrolls of identify {unknown}
 j - a scroll of fear {unknown}
 r - a scroll of summoning {unknown}
Potions
 f - a potion of invisibility {unknown}
 g - a potion of mutation {unknown}
 i - a potion of heal wounds {unknown}
 k - a potion of curing {unknown}
 l - a potion of haste {unknown}
 m - a potion of lignification {unknown}


   Skills:
 - Level 2.1 Dodging
 - Level 1.5 Stealth
 * Level 5.0 Spellcasting


You couldn't memorise any spells.
You knew the following spells:

 Your Spells              Type           Power      Damage    Failure   Level
a - Foxfire               Conj/Fire      96%        2x1d8     1%          1
b - Conjure Flame         Conj/Fire      24%        6-21      4%          3
c - Inner Flame           Hex/Fire       24%        N/A       4%          3
d - Sticky Flame          Conj/Fire      24%        2d5       16%         4
e - Fireball              Conj/Fire      12%        3d7       41%         5
f - Animate Skeleton      Necr           48%        N/A       1%          1
g - Blink                 Tloc           N/A        N/A       2%          2
Your spell library was empty.

Dungeon Overview and Level Annotations

Branches:
Dungeon (5/15)
 Temple: D:4-7

Altars:
Fedhas
Trog
Uskayaw


Innate Abilities, Weirdness & Mutations

You are immune to sickness and miasma.
You are immune to poison.
Your flesh is very heat resistant. (rF++)
You are vulnerable to cold. (rC-)
You float through the air rather than walking.
You learn spells naturally, not from books.
Your magical power is your life essence.
You have superior vitality. (+4 HP)


Message History

The centaur shoots an arrow.
The arrow hits you!
The centaur shoots an arrow.
The arrow barely misses you.
The centaur unwields a +1 vorpal shortbow.
The centaur barely misses you.
The centaur kicks you but does no damage.
Casting: Foxfire (safe; 1% risk of failure)
Confirm with . or Enter, or press ? or * to list all spells.
Aiming: Inner Flame (dangerous; 4% risk of failure)
Press: ? - help, Shift-Dir - straight line, f - centaur
Aim: a centaur, quivering arrows (chance to affect: 80%)
The centaur is filled with an inner flame.
The centaur hits you.
* * * LOW HITPOINT WARNING * * *
The centaur kicks you but does no damage.
The centaur closely misses you.
The centaur kicks you but does no damage.
Unknown command.
Unknown command.
Unknown command.
You are too injured to fight recklessly!
Casting: Inner Flame (dangerous; 4% risk of failure)
Confirm with . or Enter, or press ? or * to list all spells.
You conjure some foxfire!
* * * LOW HITPOINT WARNING * * *
An orc comes into view. It is wielding a +0 flail.
The centaur hits you.
* * * LOW HITPOINT WARNING * * *
The centaur kicks you.
* * * LOW HITPOINT WARNING * * *
Unknown command.
Unknown command.
Unknown command.
Unknown command.
Unknown command.
Casting: Foxfire (safe; 1% risk of failure)
Confirm with . or Enter, or press ? or * to list all spells.
You conjure some foxfire!
* * * LOW HITPOINT WARNING * * *
The centaur misses you. The centaur barely misses you. The centaur hits you.
You die...

# .# ... ############ ....
##..........## .....
##<...........######..$..#
#............vvclo........
#............§@####.......
#............vv# .......
#..............# .......
#..............# #......
##............## #.(.#.
##..........## ####
############


You could see a wyvern, a centaur (inner flame, ally target) and an orc.

Vanquished Creatures
  A scorpion (D:4)
  A water moccasin skeleton (D:4)
  Crazy Yiuf (D:3)
  An adder skeleton (D:4)
  4 worms
  2 dart slugs
  8 orcs
  An endoplasm (D:4)
  6 giant cockroaches
  3 goblins
  7 hobgoblins
  2 jackals (D:1)
  6 kobolds
  5 quokkas
  6 ball pythons
  2 bats
  2 frilled lizards
  6 rats
64 creatures vanquished.

Vanquished Creatures (others)
  364 foxfires
  A plant (D:5)
365 creatures vanquished.

Grand Total: 429 creatures vanquished

Notes
Turn   | Place    | Note
-------+----------+-------------------------------------------
     0 | D:1      | gruber the Djinni Fire Elementalist began the quest for the
                  | Orb.
     0 | D:1      | Reached XP level 1. HP: 15/15 MP: 0/0
   108 | D:1      | Reached XP level 2. HP: 14/21 MP: 0/0
   368 | D:1      | Reached skill level 3 in Spellcasting
   720 | D:1      | Reached XP level 3. HP: 19/25 MP: 0/0
   720 | D:1      | Learned a level 1 spell: Animate Skeleton
  1772 | D:2      | Found a bloodstained altar of Trog.
  2987 | D:2      | Reached XP level 4. HP: 27/31 MP: 0/0
  4255 | D:3      | Found a runed translucent door.
  4256 | D:3      | Noticed Crazy Yiuf
  4271 | D:3      | Killed Crazy Yiuf
  4272 | D:3      | Reached skill level 4 in Spellcasting
  4749 | D:4      | Reached XP level 5. HP: 31/35 MP: 0/0
  4749 | D:4      | Learned a level 2 spell: Blink
  4843 | D:4      | Found a hide-covered altar of Uskayaw.
  5541 | D:4      | Reached skill level 5 in Spellcasting
  5541 | D:4      | Reached XP level 6. HP: 35/40 MP: 0/0
  5702 | D:4      | Found a blossoming altar of Fedhas.
  5994 | D:5      | Entered Level 5 of the Dungeon
  6048 | D:5      | Noticed a wyvern
  6059 | D:5      | Slain by a centaur

Illustrated notes

Levels and vault maps discovered:
D:1:      lemuel_arrival_tunnels, layout_basic
D:2:      layout_basic, basic_altar, columned_hall_lemuel, minmay_pentomino_q2
D:3:      layout_basic, uniq_crazy_yiuf_cottage
D:4:      layout_loops_corners, kennysheep_mini, overflow_temple_1_default
D:5:      layout_rooms, nicolae_ru_great_annihilating_truth,
          minmay_temple_entry_overgrown, serial_shops, kennysheep_little_box

Skill      XL: |  1  2  3  4  5 |
---------------+----------------+-----
Spellcasting   | 3 4 5 |  5.0
Dodging        | |  2.1
Stealth        | |  1.5

Action                   |  1- 3 |  4- 6 || total
-------------------------+-------+-------++-------
Melee: Unarmed           |     4 |       ||     4
 Cast: Foxfire           |   119 |   104 ||   223
       Sticky Flame      |       |     1 ||     1
       Inner Flame       |       |     1 ||     1
Armor: Robe              |     1 |    10 ||    11
Dodge: Dodged            |    12 |    15 ||    27

Table legend: (Time is in decaauts)
 A = Elapsed time spent in this place.
 B = Non-inter-level travel time spent in this place.
 C = Inter-level travel time spent in this place.
 D = Time resting spent in this place.
 E = Time spent auto-exploring this place.
 F = Levels seen in this place.
 G = Mean time per level.
                   A        B        C        D        E       F      G
               +--------+--------+--------+--------+--------+-----+--------+
         Total |   6057 |   5922 |    135 |      0 |   5499 |   5 | 1211.4 |
       Dungeon |   6057 |   5922 |    135 |      0 |   5499 |   5 | 1211.4 |
               +--------+--------+--------+--------+--------+-----+--------+

Top non-repeatable levels by time:
     D:1: 1627 daAuts
     D:2: 1505 daAuts
     D:4: 1493 daAuts
     D:3: 1366 daAuts
     D:5: 64 daAuts
